 Dungeon Crawl Stone Soup version 0.31-a0-960-g0fca184906 (webtiles) character file.

Game seed: 17185400125556545536

50 AIAndy the Ruffian (level 3, 0/23 HPs)
             Began as an Octopode Shapeshifter on Oct 23, 2023.
             Slain by Natasha (6 damage)
             ... on level 2 of the Dungeon.
             The game lasted 00:03:49 (1066 turns).

AIAndy the Ruffian (Octopode Shapeshifter)          Turns: 1066, Time: 00:03:49

Health: 0/23       AC:  1    Str: 15    XL:     3   Next: 79%
Magic:  3/3        EV: 13    Int: 12    God:
Gold:   53         SH:  0    Dex: 11    Spells: 2/2 levels left

rFire   . .          .
                       - Unarmed
rCold   . . .        (no shield)
rNeg    . . .        (helmet currently unavailable)
rPois   .            (no amulet)
rElec   .            (no ring)
rCorr   .            (no ring)
SInv    .            (no ring)
Will    .....        (no ring)
Stlth   ++           (no ring)
HPRegen 0.23/turn    (no ring)
MPRegen 0.08/turn    (no ring)
                     (no ring)

%: no passive effects
@: beast-form
A: beast (slay +2), almost no armour, amphibious, 8 rings, camouflage 1,
gelatinous body 1, (nimble swimmer 1), tentacles
a: Begin Untransformation


You were on level 2 of the Dungeon.
You were a hulking beast.
You visited 1 branch of the dungeon, and saw 2 of its levels.

You collected 53 gold pieces.


Innate Abilities, Weirdness & Mutations

You are a hulking beast.
Your limbs bulge with bestial killing power. (Slay +2)
You cannot wear most types of armour.
You are amphibious.
You can wear up to eight rings at the same time.
Your skin changes colour to match your surroundings (Stealth+).
Your rubbery body absorbs attacks. (AC +1, EV +1)
((You are camouflaged when in or above water. (Stealth+)))
You have tentacles for arms and can constrict up to eight enemies at once.


   Skills:
 - Level 1.0 Fighting
 - Level 2.0 Dodging
 + Level 3.9 Unarmed Combat
 + Level 3.7 Shapeshifting


You had 2 spell levels left.
You didn't know any spells.
Your spell library contained the following spells:

 Spells                   Type           Power      Damage    Failure   Level
 Sublimation of Blood     Necr           0%         N/A       45%         2
 Wereblood                Tmut           0%         N/A       45%         2
 Summon Hydra             Summ           0%         N/A       100%        7

Inventory:

Missiles
 j - 5 atropa-tipped darts
Magical Staves
 g - a staff of air
Talismans
 b - a beast talisman
 c - a flux talisman
Scrolls
 e - a scroll of blinking {unknown}
 f - 3 scrolls of identify {unknown}
 h - 2 scrolls of teleportation {unknown}
 i - a scroll of amnesia {unknown}
Potions
 a - a potion of lignification {!q}
 d - a potion of haste {unknown}

Dungeon Overview and Level Annotations

Branches:
Dungeon (2/15)

Altars:

Annotations:
D:2 Natasha

##......##.##########
#....##.............#
#....#####.##.###.#.#
.##..# #.##.###.# #
###..... ..##.##..#
#.#########.##.## #
... #.##.##.# ...
#.......# ...
####h#### #h# #w# #.#
#.# ... .#. # .


You could see Natasha and a dart slug.


Message History

No target in view!
You see here a +0 club.
You see here a +0 club.
You see here 8 stones.
Found a scroll labelled XOUXIO RAADGH.
h - 2 scrolls labelled XOUXIO RAADGH (gained 1)
Found 2 poisoned darts.
You see here 2 poisoned darts.
A ball python comes into view.
The ball python hisses angrily.
A ball python is nearby!
You barely miss the ball python. You grab the ball python.
You squeeze the ball python.
You kill the ball python!
No target in view!
Natasha, Servant of Life and Death comes into view.
Natasha hisses angrily.
Natasha stares at you and mumbles some strange words.
The magic dart hits you!
A dart slug comes into view.
Natasha claws you!
* * * LOW HITPOINT WARNING * * *
You are too injured to fight recklessly!
You are too injured to fight recklessly!
You closely miss Natasha. Your grab misses Natasha. Natasha claws you.
* * * LOW HITPOINT WARNING * * *
You barely miss Natasha. You grab Natasha. You constrict Natasha.
Natasha claws you.
You die...
Natasha begins licking her fur clean.

Action                     || total
---------------------------++-------
  Melee: Unarmed           ||    59
         Tentacles         ||    15
         Constrict         ||    17
   Stab: Sleeping          ||     6
 Armour: Skin              ||    18
  Dodge: Dodged            ||    34

Levels and vault maps discovered:
D:1:      saegor_arrival_miasma, layout_basic
D:2:      layout_loops_cross, grunt_decor_resistance, serial_park_tiny_pond,
          minmay_hexomino_c4, uniq_natasha

Notes
Turn   | Place    | Note
-------+----------+-------------------------------------------
     0 | D:1      | AIAndy the Octopode Shapeshifter began the quest for the
                  | Orb.
     0 | D:1      | Reached XP level 1. HP: 13/13 MP: 1/1
    81 | D:1      | Reached XP level 2. HP: 18/18 MP: 2/2
   404 | D:1      | Reached XP level 3. HP: 23/23 MP: 3/3
  1061 | D:2      | Noticed Natasha
  1066 | D:2      | Slain by Natasha

Vanquished Creatures
  3 dart slugs (D:1)
  7 ball pythons
  3 endoplasms (D:1)
  5 giant cockroaches (D:1)
  A goblin (D:2)
  4 hobgoblins (D:1)
  6 jackals (D:1)
  A bat (D:1)
  4 frilled lizards (D:1)
  2 kobolds (D:1)
  3 rats (D:1)
39 creatures vanquished.

Table legend: (Time is in decaauts)
 A = Elapsed time spent in this place.
 B = Non-inter-level travel time spent in this place.
 C = Inter-level travel time spent in this place.
 D = Time resting spent in this place.
 E = Time spent auto-exploring this place.
 F = Levels seen in this place.
 G = Mean time per level.
                   A        B        C        D        E       F      G
               +--------+--------+--------+--------+--------+-----+--------+
         Total |   1061 |   1008 |     53 |      0 |    782 |   2 |  530.5 |
       Dungeon |   1061 |   1008 |     53 |      0 |    782 |   2 |  530.5 |
               +--------+--------+--------+--------+--------+-----+--------+

Top non-repeatable levels by time:
     D:1: 922 daAuts
     D:2: 139 daAuts

Table legend:
 A = Non-vault XP
 B = Vault XP
 C = Vault XP percentage of total XP
 D = Non-vault monster count
 E = Vault monster count
 F = Vault count percentage of total count
                 A         B        C        D         E       F
            +---------+---------+-------+---------+---------+-------
      Total |      72 |       0 |   0.0 |      39 |       0 |   0.0
            +---------+---------+-------+---------+---------+-------
        D:1 |      68 |       0 |   0.0 |      37 |       0 |   0.0
        D:2 |       4 |       0 |   0.0 |       2 |       0 |   0.0
            +---------+---------+-------+---------+---------+-------
